 Dungeon Crawl Stone Soup version 0.29.1-15-g9cfb28693d (webtiles) character file.

Game seed: 15820680253196937895

91 386 the Shooter (level 4, 0/38 HPs)
             Began as a Minotaur Hunter on Mar 25, 2023.
             Succumbed to a kobold's poison
             ... on level 3 of the Dungeon.
             The game lasted 00:04:54 (2479 turns).

386 the Shooter (Minotaur Hunter)                   Turns: 2479, Time: 00:04:54

Health: 0/38       AC:  4    Str: 16    XL:     4   Next: 33%
Magic:  2/3        EV: 12    Int:  6    God:
Gold:   114        SH:  0    Dex: 15    Spells: 3/3 levels left

rFire   . . .      SeeInvis .   a - +0 shortbow
rCold   + . .      Faith    .   (shield currently unavailable)
rNeg    . . .      Spirit   +   c - +0 leather armour
rPois   .          Reflect  .   (helmet restricted)
rElec   .          Harm     .   (no cloak)
rCorr   .          Rampage  .   (no gloves)
Will    .....                   d - +0 pair of boots
Stlth   ++........              h - amulet of guardian spirit
HPRegen 0.12/turn               p - ring of protection from cold
MPRegen 0.08/turn               (no ring)

@: lethally poisoned (0 -> -3)
A: horns 2, retaliatory headbutt
a: no special abilities


You were on level 3 of the Dungeon.
You visited 1 branch of the dungeon, and saw 3 of its levels.

You collected 114 gold pieces.

Inventory:

Hand Weapons
 a - a +0 shortbow (weapon)
Missiles
 i - a throwing net
 n - 4 poisoned darts
Armour
 c - a +0 leather armour (worn)
 d - a +0 pair of boots (worn)
Jewellery
 g - a ring of positive energy
 h - an amulet of guardian spirit (around neck)
 p - a ring of protection from cold (left hand)
 s - an amulet of guardian spirit
Scrolls
 b - 2 scrolls of immolation
 e - 2 scrolls of teleportation {unknown}
 f - a scroll of silence {unknown}
 k - a scroll of identify {unknown}
 l - a scroll of fear {unknown}
 m - a scroll of blinking {unknown}
 r - a scroll of amnesia {unknown}
Potions
 j - 2 potions of brilliance {unknown}
 o - a potion of curing {unknown}
 q - a potion of degeneration {unknown}
 t - a potion of flight {unknown}


   Skills:
 + Level 3.5 Fighting
 + Level 5.0 Ranged Weapons
 + Level 3.1 Dodging
 + Level 1.9 Stealth


You had 3 spell levels left.
You didn't know any spells.
Your spell library contained the following spells:

 Spells                   Type           Power      Damage    Failure   Level
 Apportation              Tloc           0%         N/A       52%         1
 Necrotise                Necr           0%         1d4       52%         1
 Summon Small Mammal      Summ           0%         N/A       52%         1
 Blink                    Tloc           0%         N/A       67%         2
 Fireball                 Conj/Fire      0%         3d3       100%        5
 Manifold Assault         Tloc           0%         N/A       100%        5
 Starburst                Conj/Fire      0%         6d3       100%        6
 Storm Form               Tmut/Air       0%         N/A       100%        7
 Ignition                 Fire           0%         3d3       100%        8


Dungeon Overview and Level Annotations

Branches:
Dungeon (3/15)

Altars:


Innate Abilities, Weirdness & Mutations

You have a pair of horns on your head.
You reflexively headbutt those who attack you in melee.


Message History

* * * LOW HITPOINT WARNING * * *
You feel very sick. The kobold attacks as you move away!
The kobold barely misses you.
* * * LOW HITPOINT WARNING * * *
You feel very sick.
Okay, then.
You are too injured to fight recklessly!
You are too injured to fight recklessly!
Non-targeted confused fire: a) +0 shortbow
Press: ? - help, Q - select action, (/) - cycle Dir - look around, f - activate You shoot an arrow.
You feel less confused.
* * * LOW HITPOINT WARNING * * *
You feel very sick.
A rat comes into view.
The kobold hits you but does no damage. x2; The rat moves out of view.
Fire: a) +0 shortbow
Press: ? - help, Q - select action, (/) - cycle Shift-Dir - straight line, f - kobold
Aim: a kobold, wielding a +0 club, wearing a +0 ring mail and quivering poisoned darts (moderately wounded, 58% to hit)
You shoot an arrow. The arrow hits the kobold.
You kill the kobold!
* * * LOW HITPOINT WARNING * * *
You feel sick. Something hits you.
* * * LOW HITPOINT WARNING * * *
You feel sick.
Fire: a) +0 shortbow
Press: ? - help, Q - select action, (/) - cycle Shift-Dir - straight line, f - you Really target yourself? [Y]es or [N]o only, please.
Really target yourself?
Okay, then.
Fire: a) +0 shortbow
Press: ? - help, Q - select action, (/) - cycle Shift-Dir - straight line, f - you Really target yourself?
Okay, then.
Unknown command.
* * * LOW HITPOINT WARNING * * *
You feel sick. Something hits you but does no damage.
You die...

.....<).................#
>.....#.######.##.......#
........####..)...#
......##.......####
........<......#
....^.#........#
#####.##....{..#
#.......#.)###
#######....{@#####
######†....######
##>........# #..†......#
#.........# ###########


There were no monsters in sight!

Vanquished Creatures
  4 adders (D:2)
  A worm (D:2)
  A dart slug (D:1)
  3 orcs (D:3)
  13 ball pythons
  An endoplasm (D:1)
  2 hobgoblins (D:2)
  4 quokkas
  3 bats
  2 frilled lizards
  6 goblins
  4 kobolds
  4 rats
48 creatures vanquished.

Notes
Turn   | Place    | Note
-------+----------+-------------------------------------------
     0 | D:1      | 386 the Minotaur Hunter began the quest for the Orb.
     0 | D:1      | Reached XP level 1. HP: 18/18 MP: 0/0
   232 | D:1      | Reached skill level 1 in Stealth
   538 | D:1      | Reached XP level 2. HP: 21/25 MP: 1/1
  1336 | D:2      | Reached XP level 3. HP: 17/31 MP: 2/2
  1949 | D:2      | Reached XP level 4. HP: 38/38 MP: 3/3
  2464 | D:3      | Reached skill level 5 in Ranged Weapons
  2478 | D:3      | HP: 1/38 [poisoned by a kobold]
  2479 | D:3      | Succumbed to a kobold's poison

Illustrated notes

Levels and vault maps discovered:
D:1:      ncdulo_smallfort, layout_loops_corners, serial_forest,
          infiniplex_forest_clump_diagonal, infiniplex_forest_lined_room_2,
          infiniplex_forest_lined_3, infiniplex_forest_straight_3,
          infiniplex_forest_straight_3, infiniplex_forest_straight_2,
          infiniplex_forest_clump_cross, infiniplex_forest_side_room, hex_tiny
D:2:      layout_basic, minmay_snake_closets
D:3:      layout_rooms, lemuel_doored_altar, mainiacjoe_overflow_alcove_4,
          hellmonk_ecumenical_altar_leap_of_faith

Skill      XL: |  1  2  3  4 |
---------------+-------------+-----
Stealth        | 1 |  1.9
Fighting       | 3 |  3.5
Dodging        | 3 |  3.1
Ranged Weapons | 5 |  5.0

Action                   |  1- 3 |  4- 6 || total
-------------------------+-------+-------++-------
Melee: Shortbow          |       |     1 ||     1
 Fire: Shortbow          |    84 |    34 ||   118
Armor: Leather armour    |     8 |     9 ||    17
Dodge: Dodged            |    19 |    21 ||    40
